 Dungeon Crawl Stone Soup version 0.21.1-1-g345015f (webtiles) character file.

1393 tidbits the Charmwright (level 8, -5/64 HPs)
             Began as a Gnoll Skald on June 21, 2018.
             Was a Priest of Cheibriados.
             Slain by a cyclops (29 damage)
             ... on level 9 of the Dungeon.
             The game lasted 00:19:07 (1343 turns).

tidbits the Charmwright (Gnoll Skald)               Turns: 1343, Time: 00:19:08

Health: -5/64      AC:  9    Str: 19    XL:     8   Next: 68%
Magic:  17/17      EV: 15    Int: 27    God:    Cheibriados [***...]
Gold:   172        SH:  0    Dex: 21    Spells: 8/19 levels left

rFire    . . .     SeeInvis .   s - +1 flail (holy)
rCold    . . .     Gourm    .   D - +0 buckler
rNeg     . . .     Faith    .   B - +0 ring mail
rPois    .         Spirit   .   (no helmet)
rElec    .         Reflect  .   (no cloak)
rCorr    .         Harm     .   G - +2 pair of gloves
MR       .....                  (no boots)
Stlth    +.........             (no amulet)
HPRegen  0.20/turn              j - +3 ring of intelligence
MPRegen  0.15/turn              (no ring)

@: confused, shrouded, singing, very slightly contaminated, hasted, drained,
slow
A: distributed training, fangs 1, strong nose
a: Bend Time, Temporal Distortion, Renounce Religion


You were on level 9 of the Dungeon.
You worshipped Cheibriados.
Cheibriados was most pleased with you.
You were hungry.

You visited 1 branch of the dungeon, and saw 9 of its levels.
You also visited: Ossuary.

You collected 172 gold pieces.

Inventory:

Hand Weapons
 a - a +0 hand axe
 e - a +0 dagger
 m - a +0 shortbow
 s - a +1 flail of holy wrath (weapon)
   (You took it off a gnoll on level 7 of the Dungeon)
Missiles
 p - 10 arrows
Armour
 b - a +0 leather armour
 B - a +0 ring mail (worn)
 D - a +0 buckler (worn)
 G - a +2 pair of gloves (worn)
Jewellery
 j - a +3 ring of intelligence (left hand)
   (You found it on level 1 of the Dungeon)
Wands
 d - a wand of digging (20)
Scrolls
 g - a scroll of blinking
 h - a scroll of magic mapping
 k - a scroll of teleportation
 l - a scroll of fear {unknown}
 r - 3 scrolls of remove curse
 t - a scroll of identify {unknown}
 u - a scroll of enchant armour {unknown}
 x - a scroll of acquirement {unknown}
 y - a scroll of vulnerability {unknown}
Potions
 o - a potion of lignification {unknown}
 v - a potion of berserk rage {unknown}
 w - a potion of curing {unknown}
Books
 c - a book of Battle

   Spells                             Type                      Level
   a - Infusion                       Charms                       1
   b - Shroud of Golubria             Charms/Translocation         2
   c - Song of Slaying                Charms                       2
   d - Spectral Weapon                Hexes/Charms                 3
   e - Regeneration                   Charms/Necromancy            3
 z - a book of Debilitation
   (You found it on level 9 of the Dungeon)

   Spells                             Type                      Level
   a - Corona                         Hexes                        1
   b - Slow                           Hexes                        2
   c - Inner Flame                    Hexes/Fire                   3
   d - Portal Projectile              Hexes/Translocation          3
   e - Cause Fear                     Hexes                        4
   f - Leda's Liquefaction            Hexes/Earth                  4
Comestibles
 q - 6 rations


   Skills:
 + Level 5.8(5.6) Fighting
 + Level 3.4(3.3) Short Blades
 + Level 3.4(3.3) Long Blades
 + Level 5.8(5.6) Axes
 + Level 3.4(3.3) Maces & Flails
 + Level 3.4(3.3) Polearms
 + Level 3.4(3.3) Staves
 + Level 3.4(3.3) Slings
 + Level 3.4(3.3) Bows
 + Level 3.4(3.3) Crossbows
 + Level 3.4(3.3) Throwing
 + Level 4.3(4.2) Armour
 + Level 5.8(5.6) Dodging
 + Level 3.4(3.3) Stealth
 + Level 3.4(3.3) Shields
 + Level 3.4(3.3) Unarmed Combat
 + Level 6.1(6.0) Spellcasting
 + Level 2.8(2.7) Conjurations
 + Level 2.8(2.7) Hexes
 + Level 6.2(6.1) Charms
 + Level 2.8(2.7) Summonings
 + Level 2.8(2.7) Necromancy
 + Level 2.8(2.7) Translocations
 + Level 2.8(2.7) Transmutations
 + Level 2.8(2.7) Fire Magic
 + Level 2.8(2.7) Ice Magic
 + Level 2.8(2.7) Air Magic
 + Level 2.8(2.7) Earth Magic
 + Level 2.8(2.7) Poison Magic
 + Level 3.7(3.6) Invocations
 + Level 3.4(3.3) Evocations


You had 8 spell levels left.
You knew the following spells:

 Your Spells              Type           Power        Failure   Level  Hunger
g - Shroud of Golubria    Chrm/Tloc      ####......   2%          2    None
i - Infusion              Chrm           ####         1%          1    None
r - Regeneration          Chrm/Necr      ####......   5%          3    None
w - Spectral Weapon       Hex/Chrm       ####....     5%          3    None
y - Song of Slaying       Chrm           #####...     1%          2    None


Dungeon Overview and Level Annotations

Branches:
Dungeon (9/15)
 Temple: D:4-7         Lair: D:8-11         Orc: D:9-12

Altars:
Cheibriados
Vehumet


Innate Abilities, Weirdness & Mutations

Your experience applies equally to all skills.
You have very sharp teeth.
Your uncanny sense of smell can sniff out nearby items.


Message History

The hound barks!
A troll comes into view.
The troll shouts!
A howler monkey comes into view.
The howler monkey howls!
You hear a shout!
You hear an angry growl.
Found a cloak.
A black bear, a cyclops, 3 wights and a howler monkey come into view.
Unknown command.
Unknown command.
Unknown command.
Okay, then.
Unknown command.
Okay, then.
Unknown command.
Okay, then.
Unknown command.
Blink to where?
Press: ? - help, Dir - move target cursor You are very lightly contaminated with residual magic.
As you read the scroll of blinking, it crumbles to dust.
The black bear bites you but does no damage.
The black bear claws you.
* * * LOW HITPOINT WARNING * * *
The black bear claws you but does no damage.
Evoke which item? (* to show all) (? for menu, Esc to quit)
Okay, then.
Okay, then.
Casting: Regeneration
Confirm with . or Enter, or press ? or * to list all spells.
Space distorts slightly along a thin shroud covering your body.
You block the black bear's attack. x2; The black bear barely misses you.
Unknown command.
Casting: Shroud of Golubria
Confirm with . or Enter, or press ? or * to list all spells.
You start singing a song of slaying.
You block the black bear's attack. The black bear closely misses you.
The black bear misses you.
You feel much better. The black bear barely misses you.
The black bear misses you. x2
Casting: Song of Slaying
Confirm with . or Enter, or press ? or * to list all spells.
You draw out your weapon's spirit!
The black bear barely misses you. The black bear closely misses you.
The black bear claws you but does no damage.
You hit the black bear. You bite the black bear.
The black bear is lightly wounded.
Your spectral weapon hits the black bear!
The black bear barely misses your spectral weapon. x2
The black bear claws your spectral weapon but does no damage.
You catch the helpless black bear completely off-guard!
You thump the black bear!
You kill the black bear!
Cheibriados appreciates the change of pace.
The cyclops throws a large rock.
The large rock hits you!!!
Ouch! That really hurt!
* * * LOW HITPOINT WARNING * * *
The flow of time bends around you.
Cheibriados rebukes your spectral weapon.
Your spectral weapon seems to slow down.
You feel slightly more hungry.
Unknown command.
You warp the flow of time around you!
You are feeling hungry.
Cheibriados lowers the support of your attributes as your movement quickens.
Unknown command.
Fire/throw which item? (* to show all) (? for menu, Esc to quit)
You don't have any such object.
Fire/throw which item? (* to show all) (? for menu, Esc to quit)
Okay, then.
Unknown command.
Evoke which item? (* to show all) (? for menu, Esc to quit)
Aiming: Dig
Press: ? - help, Shift-Dir - straight line, f - you The rock shatters into small pieces.
Unknown command.
The hound bites you but does no damage.
It was a potion of haste.
You feel yourself speed up.
Cheibriados forgives your accidental hurry, just this once.
Evoke which item? (* to show all) (? for menu, Esc to quit)
Okay, then.
It was a potion of ambrosia.
You are confused.
You feel invigorated. The cyclops barely misses you.
Okay, then.
You bump into the rock wall.
You bump into the rock wall.
The cyclops misses you.
You hit the cyclops. You bite the cyclops, but do no damage.
The cyclops is lightly wounded.
You sock the cyclops! You bite the cyclops.
The cyclops is moderately wounded.
The cyclops hits you!
* * * LOW HITPOINT WARNING * * *
You thump the cyclops! You bite the cyclops.
The cyclops is heavily wounded.
The cyclops barely misses you.
You barely miss the cyclops. You bite the cyclops, but do no damage.
The cyclops is heavily wounded.
Your spectral weapon fades away.
Okay, then.
You bump into the rock wall.
The cyclops hits you!!
You die...

#.# #(.... #.#
...##.. #h #.#
... ...... #.# ..
...h.. #.# #
..... #T#
#.###.h....
#h####.......z..
##Czhzzz###......
#@#####.# .....
#.## ..z. #.# ...
#.# #z #.# ∆ #.#
#.# ##


You could see a cyclops, a troll, a howler monkey, a hound and 4 wights.

Vanquished Creatures
  A hippogriff (D:8)
  2 phantoms
  A black bear (D:9)
  An ogre (D:8)
  2 centaurs
  An elf zombie (D:7)
  A bullfrog (D:7)
  An elf skeleton (D:7)
  A scorpion (D:8)
  A centaur zombie (D:5)
  A human zombie (D:7)
  A hound (D:5)
  An orc priest (D:8)
  A bullfrog skeleton (D:7)
  3 orc wizards
  A big kobold zombie (Ossuary)
  A mummy (Ossuary)
  An adder (D:4)
  11 gnolls
  A shadow imp (D:6)
  An adder zombie (D:6)
  A worm (D:5)
  2 dart slugs
  5 leopard geckos
  6 orcs
  A giant cockroach (D:1)
  5 goblins
  5 hobgoblins
  7 jackals
  3 bats (D:1)
  4 bat simulacra (Ossuary)
  A frilled lizard (D:1)
  A gnoll zombie (Ossuary)
  A goblin simulacrum (Ossuary)
  A goblin zombie (Ossuary)
  7 hobgoblin zombies (Ossuary)
  A jackal zombie (D:7)
  2 kobolds
  A kobold simulacrum (Ossuary)
  4 kobold zombies (Ossuary)
  An orc skeleton (D:7)
  7 orc zombies
  A quokka zombie (D:6)
  5 rats
  2 rat simulacra (Ossuary)
109 creatures vanquished.

Vanquished Creatures (others)
  A hobgoblin (D:3)
1 creature vanquished.

Grand Total: 110 creatures vanquished

Notes
Turn   | Place    | Note
-------+----------+-------------------------------------------
     0 | D:1      | tidbits the Gnoll Skald began the quest for the Orb.
     0 | D:1      | Reached XP level 1. HP: 20/20 MP: 6/6
    59 | D:1      | Reached XP level 2. HP: 26/26 MP: 2/7
    72 | D:1      | Learned a level 2 spell: Song of Slaying
    75 | D:1      | Learned a level 2 spell: Shroud of Golubria
   275 | D:3      | Found a snail-covered altar of Cheibriados.
   278 | D:3      | Reached XP level 3. HP: 31/31 MP: 3/9
   280 | D:3      | Reached skill level 5 in Spellcasting
   285 | D:3      | Became a worshipper of Cheibriados the Contemplative
   294 | D:3      | Learned a level 3 spell: Regeneration
   298 | D:3      | Learned a level 3 spell: Spectral Weapon
   335 | D:3      | Reached skill level 1 in Invocations
   338 | D:3      | Reached skill level 1 in Short Blades
   338 | D:3      | Reached skill level 1 in Long Blades
   338 | D:3      | Reached skill level 1 in Maces & Flails
   338 | D:3      | Reached skill level 1 in Polearms
   338 | D:3      | Reached skill level 1 in Staves
   338 | D:3      | Reached skill level 1 in Slings
   338 | D:3      | Reached skill level 1 in Bows
   338 | D:3      | Reached skill level 1 in Crossbows
   338 | D:3      | Reached skill level 1 in Throwing
   338 | D:3      | Reached skill level 1 in Stealth
   338 | D:3      | Reached skill level 1 in Shields
   338 | D:3      | Reached skill level 1 in Unarmed Combat
   338 | D:3      | Reached skill level 1 in Evocations
   338 | D:3      | Reached XP level 4. HP: 14/38 MP: 1/11
   410 | D:4      | Noticed a phantom
   440 | D:4      | Killed a phantom
   440 | D:4      | Reached skill level 3 in Armour
   440 | D:4      | Reached skill level 1 in Conjurations
   440 | D:4      | Reached skill level 1 in Hexes
   440 | D:4      | Reached skill level 1 in Summonings
   440 | D:4      | Reached skill level 1 in Necromancy
   440 | D:4      | Reached skill level 1 in Translocations
   440 | D:4      | Reached skill level 1 in Transmutations
   440 | D:4      | Reached skill level 1 in Fire Magic
   440 | D:4      | Reached skill level 1 in Ice Magic
   440 | D:4      | Reached skill level 1 in Air Magic
   440 | D:4      | Reached skill level 1 in Earth Magic
   440 | D:4      | Reached skill level 1 in Poison Magic
   440 | D:4      | Reached XP level 5. HP: 38/43 MP: 0/12
   468 | D:5      | Entered Level 5 of the Dungeon
   527 | D:5      | Reached XP level 6. HP: 50/50 MP: 4/13
   533 | D:5      | Reached skill level 2 in Invocations
   604 | D:6      | Reached skill level 5 in Fighting
   604 | D:6      | Reached skill level 2 in Short Blades
   604 | D:6      | Reached skill level 2 in Long Blades
   604 | D:6      | Reached skill level 5 in Axes
   604 | D:6      | Reached skill level 2 in Maces & Flails
   604 | D:6      | Reached skill level 2 in Polearms
   604 | D:6      | Reached skill level 2 in Staves
   604 | D:6      | Reached skill level 2 in Slings
   604 | D:6      | Reached skill level 2 in Bows
   604 | D:6      | Reached skill level 2 in Crossbows
   604 | D:6      | Reached skill level 2 in Throwing
   604 | D:6      | Reached skill level 5 in Dodging
   604 | D:6      | Reached skill level 2 in Stealth
   604 | D:6      | Reached skill level 2 in Shields
   604 | D:6      | Reached skill level 2 in Unarmed Combat
   604 | D:6      | Reached skill level 2 in Evocations
   661 | D:6      | Reached * piety under Cheibriados
   697 | D:7      | Reached XP level 7. HP: 32/56 MP: 7/15
   810 | D:7      | Reached skill level 2 in Conjurations
   810 | D:7      | Reached skill level 2 in Hexes
   810 | D:7      | Reached skill level 2 in Summonings
   810 | D:7      | Reached skill level 2 in Necromancy
   810 | D:7      | Reached skill level 2 in Translocations
   810 | D:7      | Reached skill level 2 in Transmutations
   810 | D:7      | Reached skill level 2 in Fire Magic
   810 | D:7      | Reached skill level 2 in Ice Magic
   810 | D:7      | Reached skill level 2 in Air Magic
   810 | D:7      | Reached skill level 2 in Earth Magic
   810 | D:7      | Reached skill level 2 in Poison Magic
   843 | D:7      | Found a sand-covered staircase.
   862 | Ossuary  | Entered an ossuary
   877 | Ossuary  | Reached ** piety under Cheibriados
  1088 | D:8      | Reached skill level 3 in Invocations
  1102 | D:8      | Reached skill level 6 in Charms
  1102 | D:8      | Reached XP level 8. HP: 49/63 MP: 7/16
  1136 | D:7      | Reached skill level 3 in Short Blades
  1136 | D:7      | Reached skill level 3 in Long Blades
  1136 | D:7      | Reached skill level 3 in Maces & Flails
  1136 | D:7      | Reached skill level 3 in Polearms
  1136 | D:7      | Reached skill level 3 in Staves
  1136 | D:7      | Reached skill level 3 in Slings
  1136 | D:7      | Reached skill level 3 in Bows
  1136 | D:7      | Reached skill level 3 in Crossbows
  1136 | D:7      | Reached skill level 3 in Throwing
  1136 | D:7      | Reached skill level 4 in Armour
  1136 | D:7      | Reached skill level 3 in Stealth
  1136 | D:7      | Reached skill level 3 in Shields
  1136 | D:7      | Reached skill level 3 in Unarmed Combat
  1136 | D:7      | Reached skill level 3 in Evocations
  1175 | D:9      | Found a radiant altar of Vehumet.
  1179 | D:9      | Noticed a two-headed ogre
  1185 | D:8      | Reached *** piety under Cheibriados
  1267 | D:8      | Reached skill level 6 in Spellcasting
  1272 | D:8      | Noticed a hippogriff
  1281 | D:8      | Killed a hippogriff
  1324 | D:9      | Noticed a troll
  1325 | D:9      | Noticed a cyclops
  1343 | D:9      | Slain by a cyclops

Skill      XL: |  1  2  3  4  5  6  7  8 |
---------------+-------------------------+-----
Spellcasting   | 5 6 |  6.1
Invocations    | 1 2 3 |  3.7
Short Blades   | 1 2 3 |  3.4
Long Blades    | 1 2 3 |  3.4
Maces & Flails | 1 2 3 |  3.4
Polearms       | 1 2 3 |  3.4
Staves         | 1 2 3 |  3.4
Slings         | 1 2 3 |  3.4
Bows           | 1 2 3 |  3.4
Crossbows      | 1 2 3 |  3.4
Throwing       | 1 2 3 |  3.4
Stealth        | 1 2 3 |  3.4
Shields        | 1 2 3 |  3.4
Unarmed Combat | 1 2 3 |  3.4
Evocations     | 1 2 3 |  3.4
Armour         | 3 4 |  4.3
Conjurations   | 1 2 |  2.8
Hexes          | 1 2 |  2.8
Summonings     | 1 2 |  2.8
Necromancy     | 1 2 |  2.8
Translocations | 1 2 |  2.8
Transmutations | 1 2 |  2.8
Fire Magic     | 1 2 |  2.8
Ice Magic      | 1 2 |  2.8
Air Magic      | 1 2 |  2.8
Earth Magic    | 1 2 |  2.8
Poison Magic   | 1 2 |  2.8
Fighting       | 5 |  5.8
Axes           | 5 |  5.8
Dodging        | 5 |  5.8
Charms         | 6 |  6.2

Action                   |  1- 3 |  4- 6 |  7- 9 || total
-------------------------+-------+-------+-------++-------
Melee: Hand axe          |    64 |    59 |    29 ||   152
       Bite              |     9 |     5 |    18 ||    32
       Punch             |       |     1 |     1 ||     2
       Dagger            |       |     1 |       ||     1
       Flail             |       |       |    97 ||    97
 Cast: Infusion          |     6 |       |       ||     6
       Spectral Weapon   |     1 |     9 |    15 ||    25
       Song of Slaying   |     1 |     5 |     8 ||    14
       Regeneration      |       |     2 |     4 ||     6
       Shroud of Golubri |       |     1 |     3 ||     4
Invok: Bend Time         |       |       |     4 ||     4
       Temporal Distorti |       |       |     1 ||     1
Evoke: Wand              |       |       |     3 ||     3
  Use: Scroll            |     1 |     2 |     4 ||     7
       Potion            |       |     1 |     4 ||     5
 Stab: Distracted        |       |     2 |     2 ||     4
       Sleeping          |       |     1 |     1 ||     2
  Eat: Chunk             |       |       |     2 ||     2
Armor: Leather armour    |    16 |     1 |     4 ||    21
       Ring mail         |       |       |    26 ||    26
Dodge: Dodged            |    46 |    43 |   106 ||   195
Block: Buckler           |       |       |    13 ||    13

Table legend:
 A = Turns spent in this place as a percentage of turns spent in the entire game.
 B = Non-inter-level travel turns spent in this place as a percentage of non-inter-level travel turns spent in the entire game.
 C = Inter-level travel turns spent in this place as a percentage of turns spent in this place.
 D = Turns resting spent in this place as a percentage of non-inter-level travel turns spent in this place.
 E = Turns spent auto-exploring this place as a percentage of non-inter-level travel turns spent in this place.
 F = Non-inter-level travel turns spent in this place divided by the number of levels of this place that you've seen.
                   A       B       C       D       E      F
               +-------+-------+-------+-------+-------+----------------------
         Total | 100.0 | 100.0 |   0.0 |   0.0 |   0.0 | 134.3
       Dungeon |  86.3 |  86.3 |   0.0 |   0.0 |   0.0 | 128.8
       Ossuary |  13.7 |  13.7 |   0.0 |   0.0 |   0.0 | 184.0
               +-------+-------+-------+-------+-------+----------------------

Table legend:
 A = Kills in this place as a percentage of kills in entire the game.
 B = Kills by you in this place as a percentage of kills by you in the entire game.
 C = Kills by friends in this place as a percentage of kills by friends in the entire game.
 D = Other kills in this place as a percentage of other kills in the entire game.
 E = Experience gained in this place as a percentage of experience gained in the entire game.
 F = Experience gained in this place divided by the number of levels of this place that you have seen.
                   A       B       C       D       E      F
               +-------+-------+-------+-------+-------+----------------------
         Total | 100.0 | 100.0 |   N/A |   N/A | 100.0 | 199.0
       Dungeon |  73.4 |  73.4 |   N/A |   N/A |  96.4 | 213.1
       Ossuary |  26.6 |  26.6 |   N/A |   N/A |   3.6 |  72.0
               +-------+-------+-------+-------+-------+----------------------

Vault maps used:
D:1:      dpeg_arrival_rhombus
D:2:      nicolae_overflow_crystal_walls, led_sif_pool, first_ration,
          columned_hall_lemuel, trog_book
D:3:      kennysheep_slug_shrine, nemelex_xobeh_ov_fountains_minmay,
          kennysheep_pointless_box
D:4:      nicolae_qazlal_style_of_elements
D:5:      overflow_temple_1_default
D:6:      abandoned_shop
D:7:      minmay_temple_entry_fiery, nicolae_ossuary_entry_catacombs
D:8:      hangedman_pestilent_swarm
D:9:      basic_altar, kennysheep_nondescript
Ossuary:  ossuary_zaba_two_paths
